 Dungeon Sprint DCSS version 0.30-a0-39-g42789b21ef (webtiles) character file.

Game seed: 4345971843069766195

204 mhtbhm the Thaumaturge (level 5, -4/28 HPs)
             Began as a Deep Elf Earth Elementalist on Aug 28, 2022.
             Was an Initiate of Vehumet.
             Slain by a troll (6 damage)
             ... in the Dungeon (Sprint IX: "|||||||||||||||||||||||||||||").
             The game lasted 00:01:18 (587 turns).

mhtbhm the Thaumaturge (Deep Elf Earth Elementalist) Turns: 587, Time: 00:01:19

Health: -4/28      AC:  4    Str:  8    XL:     5   Next: 52%
Magic:  11/18      EV: 14    Int: 25    God:    Vehumet [......]
Gold:   0          SH:  0    Dex: 15    Spells: 12/22 levels left

rFire   . . .      SeeInvis .    k - +2 rapier (venom)
rCold   . . .      Faith    .    (no shield)
rNeg    . . .      Spirit   .    a - +0 robe
rPois   .          Reflect  .    (no helmet)
rElec   .          Harm     .    l - +0 cloak
rCorr   .          Rampage  .    m - +0 pair of gloves
Will    .....      NoTele   +    (no boots)
Stlth   +++.......               (no amulet)
HPRegen 0.09/turn                n - +3 ring of strength
MPRegen 0.16/turn                o - +3 ring of intelligence

@: hasted, very quick
A: no striking features
a: Renounce Religion


You were in the Dungeon.
You worshipped Vehumet.
Vehumet was noncommittal.
You visited 1 branch

Inventory:

Hand Weapons
 k - a +2 rapier of venom (weapon)
Armour
 a - a +0 robe (worn)
 l - a +0 cloak (worn)
 m - a +0 pair of gloves (worn)
Jewellery
 n - a +3 ring of strength (left hand)
 o - a +3 ring of intelligence (right hand)
Wands
 j - a wand of roots (10)
Scrolls
 g - 2 scrolls of blinking
 i - 2 scrolls of amnesia
Potions
 b - 5 potions of magic
 c - 5 potions of curing
 d - 3 potions of heal wounds
 f - a potion of berserk rage
 h - a potion of invisibility


   Skills:
 + Level 0.5 Fighting
 + Level 5.0 Dodging
 + Level 4.5 Stealth
 + Level 9.4 Spellcasting
 + Level 1.3 Transmutations
 + Level 9.2 Earth Magic


You had 12 spell levels left.
You knew the following spells:

 Your Spells              Type           Power      Damage    Failure   Level
a - Sandblast             Erth           100%       2d20      1%          1
b - Passwall              Tmut/Erth      31%        N/A       1%          2
c - Stone Arrow           Conj/Erth      68%        3d11      2%          3
d - Petrify               Tmut/Erth      38%        N/A       6%          4

Your spell library contained the following spells:

 Spells                   Type           Power      Damage    Failure   Level


Dungeon Overview and Level Annotations

Branches:
Dungeon (1/1)

Altars:
Cheibriados
Dithmenos
Elyvilon
Fedhas
Gozag
Hepliaklqana
Kikubaaqudgha
Makhleb
Nemelex Xobeh
Okawaru
Qazlal
Ru
Sif Muna
Trog
Uskayaw
Vehumet
Wu Jian
Xom
Yredelemnul
Zin
The Shining One
Jiyva
Lugonu


Message History

Okay, then.
You close the door.
You start resting.
You are no longer corroded.
You start resting.
HP restored.
Unknown command.
You open the door.
Unknown command.
Casting: Sandblast (safe; 1% risk of failure)
Confirm with . or Enter, or press ? or * to list all spells.
The spell is quite dangerous to miscast (4% risk of failure)!
Continue anyway?
Aiming: Stone Arrow (quite dangerous; 4% risk of failure)
Press: ? - help, Shift-Dir - straight line, f - acid dragon
Aim: an acid dragon (wandering, hasn't noticed you, 71% to hit)
The stone arrow hits the acid dragon!
The acid dragon is heavily wounded.
The acid dragon roars!
The troll shouts!
The gnoll sergeant shouts!
The troll shouts!
Unknown command.
Casting: Stone Arrow (quite dangerous; 4% risk of failure)
Confirm with . or Enter, or press ? or * to list all spells.
Aiming: Sandblast (safe; 1% risk of failure)
Press: ? - help, Shift-Dir - straight line, f/p - acid dragon
Aim: an acid dragon (heavily wounded, 85% to hit)
The blast of sand hits the acid dragon!
You kill the acid dragon!
Vehumet accepts your kill.
The acid dragon scales are intact enough to wear.
Your Dodging skill increases to level 5!
Your Stealth skill increases to level 4!
Your Spellcasting skill gained 2 levels and is now at level 9!
Your Earth Magic skill gained 2 levels and is now at level 9!
You have reached level 5!
You feel yourself speed up. The troll bites you!!
Ouch! That really hurt!
The troll claws you!
* * * LOW HITPOINT WARNING * * *
The troll claws you.
You die...

▓.▓
▓.▓
▓)▓
▓.▓
▓.▓
▓.▓
▓[▓
▓.▓
▓@▓
▓T▓
▓g▓
▓.▓
▓T▓
▓.▓
▓9▓
▓.▓


You could see 2 trolls, a gargoyle and a gnoll sergeant.

Vanquished Creatures
  An acid dragon (D)
  A hound (D)
  An orc priest (D)
  2 adders (D)
  A shadow imp (D)
  2 dart slugs (D)
  A giant cockroach (D)
  A hobgoblin (D)
  A quokka (D)
  A rat (D)
12 creatures vanquished.

Notes
Turn   | Place    | Note
-------+----------+-------------------------------------------
     0 | D        | mhtbhm the Deep Elf Earth Elementalist began the quest for
                  | the Orb.
     0 | D        | Reached XP level 1. HP: 10/10 MP: 6/6
    66 | D        | Reached XP level 2. HP: 15/15 MP: 6/8
    89 | D        | Learned a level 2 spell: Passwall
    94 | D        | Reached skill level 5 in Earth Magic
    96 | D        | Reached skill level 5 in Spellcasting
    96 | D        | Reached XP level 3. HP: 18/19 MP: 3/12
   177 | D        | Found a snail-covered altar of Cheibriados.
   177 | D        | Found a shadowy altar of Dithmenos.
   177 | D        | Found a white marble altar of Elyvilon.
   177 | D        | Found a blossoming altar of Fedhas.
   177 | D        | Found an opulent altar of Gozag.
   178 | D        | Found a hazy altar of Hepliaklqana.
   179 | D        | Found a viscous altar of Jiyva.
   180 | D        | Found an ancient bone altar of Kikubaaqudgha.
   181 | D        | Found a corrupted altar of Lugonu.
   182 | D        | Found a burning altar of Makhleb.
   183 | D        | Found a sparkling altar of Nemelex Xobeh.
   184 | D        | Found an iron altar of Okawaru.
   185 | D        | Found a stormy altar of Qazlal.
   186 | D        | Found a sacrificial altar of Ru.
   187 | D        | Found a shimmering blue altar of Sif Muna.
   188 | D        | Found a bloodstained altar of Trog.
   189 | D        | Found a hide-covered altar of Uskayaw.
   190 | D        | Found a radiant altar of Vehumet.
   191 | D        | Found an ornate altar of the Wu Jian Council.
   192 | D        | Found a shimmering altar of Xom.
   193 | D        | Found a basalt altar of Yredelemnul.
   194 | D        | Found a glowing silver altar of Zin.
   195 | D        | Found a glowing golden altar of the Shining One.
   202 | D        | Became a worshipper of Vehumet
   244 | D        | Learned a level 3 spell: Stone Arrow
   244 | D        | Noticed an acid dragon
   244 | D        | Noticed a troll
   244 | D        | Noticed a gnoll sergeant
   244 | D        | Noticed a troll
   244 | D        | Noticed a gargoyle
   248 | D        | Reached XP level 4. HP: 6/24 MP: 10/15
   477 | D        | Learned a level 4 spell: Petrify
   586 | D        | Killed an acid dragon
   587 | D        | Reached skill level 5 in Dodging
   587 | D        | Reached XP level 5. HP: 28/28 MP: 11/18
   587 | D        | Slain by a troll

Illustrated notes

Levels and vault maps discovered:
D:        linesprint [early_d, line_temple, items_1, d_10, items_2, lair_1,
          lair_end, items_3, orc_1, orc_end, items_4, d_15, swamp_1, shoals_1,
          snake_1, spider_1, d_20, vaults_1, items_5, swamp_end, shoals_end,
          snake_end, spider_end, vaults_end, d_27, items_6, zot_1, zot_end,
          crypt_end, forest_end, elf_end, slime_end, tomb_end, abyss_end,
          pan_hell_end]

Skill      XL: |  1  2  3  4 |
---------------+-------------+-----
Earth Magic    | 4 6 7 9 |  9.2
Dodging        | 3 4 5 |  5.0
Stealth        | 3 4 |  4.5
Spellcasting   | 5 7 9 |  9.4
Fighting       | |  0.5
Transmutations | |  1.3

Action                   |  1- 3 |  4- 6 || total
-------------------------+-------+-------++-------
 Cast: Sandblast         |    16 |     1 ||    17
       Stone Arrow       |       |     1 ||     1
  Use: Potion            |       |     1 ||     1
Armor: Robe              |     3 |       ||     3
Dodge: Dodged            |     6 |       ||     6

Table legend: (Time is in decaauts)
 A = Elapsed time spent in this place.
 B = Non-inter-level travel time spent in this place.
 C = Inter-level travel time spent in this place.
 D = Time resting spent in this place.
 E = Time spent auto-exploring this place.
 F = Levels seen in this place.
 G = Mean time per level.
                   A        B        C        D        E       F      G
               +--------+--------+--------+--------+--------+-----+--------+
         Total |    594 |    594 |      0 |    470 |      3 |   1 |  594.0 |
       Dungeon |    594 |    594 |      0 |    470 |      3 |   1 |  594.0 |
               +--------+--------+--------+--------+--------+-----+--------+

Top non-repeatable levels by time:
       D: 594 daAuts
